AoeStats
← xlalox corona

Four Lakes

509820735Analyzed
1v1 RM · 3d ago on Sep 28, 2026· 18m 45s· 2 players
Game mode
Random Map
Map size
Tiny (2 player)
Population
200
Speed
Normal
Resources
Standard
Victory
Conquest
Starting age
Dark Age
Ending age
Imperial Age
RankedLock teamsTeams togetherTeam positionsShared explorationLock speedFull tech treeHidden civsTurbo modeCheats
Victory
Defeat
🇲🇽 Japanese · Mexico
1700
+15
🇨🇳 Magyars · China
1671
-15
Estus
6:48 Loom
9:24 Feudal Age
9:53 Double-Bit Axe
15:53 Horse Collar
17:37 Fletching
xlalox corona
7:11 Loom
9:48 Feudal Age
9:53 Man-at-Arms
12:23 Double-Bit Axe
17:48 Fletching
Connection lost

Rejoining the realm…

Still unreachable

The connection could not be restored.

Session expired

The server has moved on; the page needs a fresh start.